 Dungeon Crawl Stone Soup version 0.26-a0-663-g36e8fdb655 (webtiles) character file.

Game seed: 11476252757820284209

11516 looop the Frost Mage (level 11, 80/87 (89) HPs)
             Began as a Demonspawn Ice Elementalist on Oct 10, 2020.
             Was an Initiate of Gozag.
             Quit the game on level 11 of the Dungeon on Oct 11, 2020.
             The game lasted 00:21:24 (10277 turns).

looop the Frost Mage (Demonspawn Ice Elementalist) Turns: 10277, Time: 00:21:24

HP:   80/87 (89)    AC:  8    Str: 11    XL:     11   Next: 50%
MP:   21/21         EV: 15    Int: 26    God:    Gozag
Gold: 701           SH:  0    Dex: 13    Spells: 9/24 levels left

rFire    + . .     SeeInvis .   t - +2 halberd (vorpal)
rCold    . . .     Faith    .   (shield currently unavailable)
rNeg     . . .     Spirit   .   C - +2 leather armour {rF+}
rPois    +         Reflect  .   h - +0 helmet
rElec    .         Harm     .   f - +1 cloak {rCorr}
rCorr    +         Rampage  .   (no gloves)
MR       .....                  (no boots)
Stlth    ++........             (no amulet)
HPRegen  0.64/turn              x - ring of poison resistance
MPRegen  0.17/turn              w - +6 ring of intelligence

@: gold aura
A: claws 1, rugged brown scales 2, deformed body, demonic guardian 1, powered by
pain 3, regeneration 1, strong 1
a: Potion Petition, Call Merchant, Bribe Branch, Renounce Religion


You were on level 11 of the Dungeon.
You worshipped Gozag.
Gozag was pleased with you.
You visited 2 branches of the dungeon, and saw 12 of its levels.

You collected 1856 gold pieces.
You spent 686 gold pieces at shops.
You paid 469 gold pieces to Gozag.

Inventory:

Hand Weapons
 t - a +2 vorpal halberd (weapon)
Missiles
 m - a throwing net (quivered)
 v - 9 boomerangs
Armour
 f - a +1 cloak of preservation (worn)
 h - a +0 helmet (worn)
 C - a +2 leather armour of fire resistance (worn)
Jewellery
 o - an uncursed amulet of magic regeneration
 w - a +6 ring of intelligence (right claw)
 x - a ring of poison resistance (left claw)
Wands
 a - a wand of iceblast (4)
 i - a wand of paralysis (14)
 k - a wand of flame (11)
 D - a wand of polymorph (22)
 E - a wand of acid (8)
Scrolls
 c - 3 scrolls of immolation {unknown}
 e - 8 scrolls of remove curse
 l - 2 scrolls of fog {unknown}
 s - 2 scrolls of amnesia {unknown}
 y - 2 scrolls of teleportation
 z - 6 scrolls of identify
 A - 2 scrolls of magic mapping {unknown}
 B - 3 scrolls of blinking {unknown}
Potions
 b - 3 potions of degeneration {unknown}
 d - 2 potions of brilliance
 g - 5 potions of curing
 j - 6 potions of stabbing
 n - 2 potions of flight {unknown}
 p - a potion of berserk rage
 q - a potion of mutation
 r - 3 potions of heal wounds
 u - a potion of magic {unknown}


   Skills:
 + Level 7.7 Fighting
 + Level 7.3 Dodging
 - Level 1.7 Stealth
 + Level 7.2 Spellcasting
 - Level 5.8 Conjurations
 - Level 5.9 Summonings
 + Level 9.5 Ice Magic


You had 9 spell levels left.
You knew the following spells:

 Your Spells              Type           Power        Failure   Level
a - Freeze                Ice            ####         1%          1
b - Frozen Ramparts       Ice            ######       1%          3
c - Ozocubu's Armour      Ice            ######..     1%          3
d - Hailstorm             Conj/Ice       #####...     3%          4
e - Summon Ice Beast      Ice/Summ       #####...     3%          4

Your spell library contained the following spells:

 Spells                   Type           Power        Failure   Level
 Iskenderun's Battlesphe  Conj           #####...     21%         5
 Confusing Touch          Hex            #.......     24%         3
 Gell's Gravitas          Tloc           #.........   24%         3
 Metabolic Englaciation   Hex/Ice        ####......   30%         5
 Petrify                  Tmut/Erth      #.......     63%         4
 Bolt of Magma            Conj/Fire/Erth ###.......   69%         5
 Yara's Violent Unravell  Hex/Tmut       #.........   92%         5
 Iron Shot                Conj/Erth      ###.......   98%         6
 Orb of Destruction       Conj           #####.....   99%         7
 Spellforged Servitor     Conj/Summ      #####.....   99%         7


Dungeon Overview and Level Annotations

Branches:
Dungeon (11/15)            Temple (1/1) D:5            Lair (0/6) D:11
    Orc (0/2) D:9

Altars:
Ashenzari
Cheibriados
Dithmenos
Elyvilon
Fedhas
Gozag
Hepliaklqana
Kikubaaqudgha
Makhleb
Nemelex Xobeh
Okawaru
Qazlal
Ru
Sif Muna
Trog
Uskayaw
Vehumet
Wu Jian
Xom
Yredelemnul
Zin
The Shining One

Shops:
D:4 =   D:6 =   D:8 !   D:9 *


Innate Abilities, Weirdness & Mutations

You have sharp fingernails.
You are mostly covered in rugged brown scales. (AC +2, +5% HP)
A weak demonic guardian rushes to your aid.
You are powered by pain.
Armour fits poorly on your strangely shaped body.
Your natural rate of healing is unusually fast.
Your muscles are strong. (Str +2)


Message History

The centaur warrior zombie is moderately damaged.
The centaur warrior zombie hits you but does no damage.
The centaur warrior zombie barely misses you.
Your leather armour prevents you from hitting the centaur warrior zombie.
The centaur warrior zombie is moderately damaged.
The centaur warrior zombie closely misses you.
The centaur warrior zombie hits you but does no damage.
Your quasit bites the centaur warrior zombie.
Your quasit claws the centaur warrior zombie but does no damage. x2
You barely miss the centaur warrior zombie.
The centaur warrior zombie is heavily damaged.
The centaur warrior zombie hits you.
Your quasit bites the centaur warrior zombie.
Your quasit claws the centaur warrior zombie.
Your quasit claws the centaur warrior zombie but does no damage.
The centaur warrior zombie barely misses you.
Welcome back, looop the Demonspawn Ice Elementalist.
Gozag says: Greed is good.
Press ? for a list of commands and other information.
Are you sure you want to abandon this character and quit the game? (Confirm with "yes".)

.....>'.#.#.# #........
......#.#.#.# #........
......#.#...# #...$....
......#.#.....#........
......#.#..####.#+######
......#.#...............
......#.###.####$.......
..#####'###..# #Z.......
.............###@5......
..............##....?...
............#.##........
............#.###+######
............#..# .#
##..........##.##.#
#..........##.)#.#
#..........###.#.#
#..........# #.#.#


You could see a centaur warrior zombie and a friendly quasit (summoned).

Vanquished Creatures
  Josephine (D:11)
  3 two-headed ogres
  An ugly thing (D:11)
  Joseph (D:7)
  Maggie (D:6)
  A kobold demonologist (D:11)
  2 trolls
  Grinder (D:3)
  A shadow (D:11)
  Sigmund (D:2)
  A wyvern (D:8)
  6 wraiths (D:11)
  A vampire (D:9)
  Menkaure (D:5)
  A water moccasin (D:4)
  A black bear (D:9)
  2 orc warriors
  4 ice beasts
  3 sky beasts
  7 ogres
  2 necrophages
  6 centaurs
  Blork the orc (D:6)
  A big kobold (D:10)
  3 bullfrogs
  3 scorpions
  5 wights
  5 killer bees (D:9)
  4 howler monkeys
  A bullfrog zombie (D:6)
  Crazy Yiuf (D:3)
  6 orc priests
  5 hounds
  2 jellies
  10 orc wizards
  2 bullfrog skeletons
  2 centaur skeletons
  Terence (D:2)
  7 worker ants
  3 iguanas
  A killer bee zombie (D:7)
  A nameless horror (D:7)
  2 hound skeletons
  A worker ant zombie (D:10)
  Robin (D:2)
  4 gnolls (D:3)
  9 adders
  A shadow imp (D:5)
  2 white imps
  3 ufetubi
  An adder zombie (D:6)
  An ooze (D:2)
  4 worms
  4 dart slugs
  7 leopard geckos
  40 orcs
  4 giant cockroaches
  4 hobgoblins
  15 jackals
  5 quokkas
  2 ball pythons (D:1)
  8 bats
  7 frilled lizards
  A giant cockroach zombie (D:5)
  18 goblins
  2 jackal skeletons
  14 kobolds
  A leopard gecko skeleton (D:4)
  11 rats
284 creatures vanquished.

Vanquished Creatures (collateral kills)
  A two-headed ogre (D:10)
  A big kobold (D:8)
  2 wights
  A bullfrog zombie (D:8)
  A centaur skeleton (D:9)
  A hound zombie (D:8)
  2 kobolds (D:8)
9 creatures vanquished.

Grand Total: 293 creatures vanquished

Notes
Turn   | Place    | Note
-------+----------+-------------------------------------------
     0 | D:1      | looop the Demonspawn Ice Elementalist began the quest for
                  | the Orb.
     0 | D:1      | Reached XP level 1. HP: 13/13 MP: 3/3
   347 | D:1      | Gained mutation: You are partially covered in rugged brown
                  | scales. (AC +1, +3% HP) [demonic ancestry]
   347 | D:1      | Reached XP level 2. HP: 4/19 MP: 5/5
   727 | D:1      | Reached skill level 4 in Ice Magic
  1239 | D:2      | Noticed Terence
  1263 | D:2      | Reached XP level 3. HP: 21/24 MP: 6/6
  1479 | D:1      | Learned a level 3 spell: Frozen Ramparts
  1483 | D:1      | Learned a level 3 spell: Ozocubu's Armour
  1661 | D:2      | Killed Terence
  1661 | D:2      | Reached XP level 4. HP: 21/30 MP: 0/8
  1800 | D:2      | Noticed Sigmund
  1825 | D:2      | HP: 1/30 [something (10)]
  1829 | D:2      | Gained mutation: Armour fits poorly on your strangely
                  | shaped body. [potion of mutation]
  1829 | D:2      | Gained mutation: Your natural rate of healing is unusually
                  | fast. [potion of mutation]
  1829 | D:2      | Gained mutation: Your muscles are strong. (Str +2) [potion
                  | of mutation]
  1834 | D:2      | Killed Sigmund
  1834 | D:2      | Reached skill level 5 in Ice Magic
  1834 | D:2      | Gained mutation: You sometimes gain a little power by
                  | taking damage. [demonic ancestry]
  1834 | D:2      | Reached XP level 5. HP: 8/36 MP: 0/10
  1846 | D:2      | Noticed Robin
  2002 | D:2      | Killed Robin
  2002 | D:2      | Gained mutation: You are mostly covered in rugged brown
                  | scales. (AC +2, +5% HP) [demonic ancestry]
  2002 | D:2      | Reached XP level 6. HP: 36/43 MP: 7/11
  2348 | D:3      | Learned a level 4 spell: Hailstorm
  2463 | D:3      | Noticed Grinder
  2575 | D:3      | Reached skill level 6 in Ice Magic
  2716 | D:3      | Found a runed translucent door.
  2717 | D:3      | Noticed Crazy Yiuf
  2885 | D:3      | Paralysed by Grinder for 2 turns
  2893 | D:3      | Killed Grinder
  2893 | D:3      | Gained mutation: You sometimes gain power by taking damage.
                  | [demonic ancestry]
  2893 | D:3      | Reached XP level 7. HP: 40/48 MP: 0/13
  3260 | D:3      | Killed Crazy Yiuf
  3260 | D:3      | Reached skill level 7 in Ice Magic
  3580 | D:4      | Reached skill level 5 in Spellcasting
  3658 | D:4      | Reached XP level 8. HP: 53/54 MP: 15/15
  3752 | D:4      | Found a blossoming altar of Fedhas.
  3924 | D:4      | Reached skill level 8 in Ice Magic
  4029 | D:4      | Found Vijirethou's Jewellery Boutique.
  4051 | D:5      | Entered Level 5 of the Dungeon
  4198 | D:5      | Learned a level 4 spell: Summon Ice Beast
  4218 | D:5      | Noticed Menkaure
  4224 | D:5      | Killed Menkaure
  4224 | D:5      | Reached skill level 1 in Summonings
  4370 | D:5      | Reached skill level 1 in Conjurations
  4386 | D:5      | Reached skill level 1 in Fighting
  4480 | D:5      | Found a staircase to the Ecumenical Temple.
  4528 | Temple   | Entered the Ecumenical Temple
  4719 | Temple   | Became a worshipper of Gozag Ym Sagoz the Greedy
  5368 | D:6      | Gained mutation: You have sharp fingernails. [demonic
                  | ancestry]
  5368 | D:6      | Reached XP level 9. HP: 44/65 MP: 14/17
  5411 | D:6      | Noticed Blork the orc
  5421 | D:6      | Killed Blork the orc
  5634 | D:6      | Noticed Maggie
  5645 | D:6      | Killed Maggie
  5732 | D:6      | Found a burning altar of Makhleb.
  5732 | D:6      | Noticed a green death
  5735 | D:6      | Noticed a smoke demon
  5814 | D:6      | Found Eceamak's Jewellery Boutique.
  6344 | D:7      | Noticed Joseph
  6372 | D:7      | Killed Joseph
  6655 | D:7      | Found a glowing silver altar of Zin.
  6761 | D:8      | Reached skill level 5 in Dodging
  6761 | D:8      | Reached skill level 5 in Summonings
  6761 | D:8      | Gained mutation: A weak demonic guardian rushes to your
                  | aid. [demonic ancestry]
  6761 | D:8      | Reached XP level 10. HP: 68/76 MP: 14/18
  6765 | D:8      | Reached skill level 5 in Fighting
  6765 | D:8      | Reached skill level 5 in Conjurations
  7097 | D:8      | Found a basalt altar of Yredelemnul.
  7097 | D:8      | Found a radiant altar of Vehumet.
  7137 | D:8      | Found Esuf's Distillery.
  7373 | D:9      | Noticed a two-headed ogre
  7387 | D:9      | Killed a two-headed ogre
  7527 | D:9      | Found Futtoty's Assorted Antiques.
  7635 | D:9      | Bought a dazzling cloak for 266 gold pieces
  7635 | D:9      | Bought a hardcover book for 420 gold pieces
  7645 | D:9      | Identified the +0 cloak "Fecytech" {Harm rC- Dex+3} (You
                  | bought it in a shop on level 9 of the Dungeon)
  7797 | D:9      | Found a staircase to the Orcish Mines.
  8696 | D:10     | Entered Level 10 of the Dungeon
  9394 | D:10     | Noticed a two-headed ogre
  9402 | D:10     | Killed a two-headed ogre
  9402 | D:10     | Reached skill level 9 in Ice Magic
  9402 | D:10     | Gained mutation: You are powered by pain. [demonic
                  | ancestry]
  9402 | D:10     | Reached XP level 11. HP: 85/85 MP: 17/20
 10004 | D:11     | Noticed Josephine
 10010 | D:11     | Noticed a two-headed ogre
 10017 | D:11     | Killed Josephine
 10034 | D:11     | Killed a two-headed ogre
 10151 | D:11     | Noticed a green ugly thing
 10162 | D:11     | Killed a green ugly thing
 10208 | D:11     | Found a staircase to the Lair.
 10255 | D:11     | Noticed a two-headed ogre
 10265 | D:11     | Killed a two-headed ogre
 10277 | D:11     | Quit the game

Illustrated notes

Levels and vault maps discovered:
D:1:      evilmike_arrival_hilbert_curve, layout_rooms
D:2:      layout_rooms, uniq_robin, uniq_terence, uniq_sigmund
D:3:      layout_rooms, grunt_decor_arrowhead, uniq_crazy_yiuf_cottage,
          uniq_grinder
D:4:      layout_basic, lemuel_doored_altar, serial_shops, shop, minmay_cupped
D:5:      layout_gridville, minmay_temple_entry_hall, st_stairs_7, uniq_menkaure
D:6:      layout_loops_ring, serial_shops, shop_statue,
          makhleb_altar_promises_db, uniq_maggie, uniq_blork_the_orc
D:7:      layout_rooms, zin_scriptorium, uniq_joseph
D:8:      layout_rooms, gammafunk_temple_overflow_statue, serial_shops, shop
D:9:      layout_basic, orc_0_dummy, serial_shops, shop, chequers_garden
D:10:     layout_stronghold
D:11:     layout_basic, lair_entry_dummy,
          ploomutoo_gammafunk_ghost_potion_laboratory, uniq_erica,
          uniq_josephine
Temple:   dpeg_five_rooms_temple

Skill      XL: |  1  2  3  4  5  6  7  8  9 10 11 |
---------------+----------------------------------+-----
Ice Magic      | 4 5 6 7 8 9 |  9.5
Spellcasting   | 3 4 5 6 7 |  7.2
Dodging        | 3 5 6 7 |  7.3
Summonings     | 2 5 |  5.9
Conjurations   | 2 4 5 |  5.8
Fighting       | 2 4 6 7 |  7.7
Stealth        | |  1.7

Action                   |  1- 3 |  4- 6 |  7- 9 | 10-12 || total
-------------------------+-------+-------+-------+-------++-------
Melee: Spear             |   110 |    30 |       |       ||   140
       Trident           |       |    88 |     6 |       ||    94
       Halberd           |       |       |   214 |   197 ||   411
 Cast: Freeze            |    18 |     3 |       |       ||    21
       Frozen Ramparts   |     2 |    13 |    26 |    30 ||    71
       Ozocubu's Armour  |       |     2 |     9 |     7 ||    18
       Summon Ice Beast  |       |       |     3 |       ||     3
       Hailstorm         |       |       |     4 |     8 ||    12
Invok: Potion Petition   |       |       |     1 |       ||     1
Evoke: Wand              |       |     3 |     1 |       ||     4
  Use: Potion            |       |     3 |       |       ||     3
       Scroll            |       |     3 |     5 |     1 ||     9
 Stab: Sleeping          |     3 |     5 |     2 |     3 ||    13
       Distracted        |       |       |       |     1 ||     1
Armor: Robe              |    39 |    23 |   107 |    41 ||   210
       Skin              |       |    20 |       |       ||    20
       Leather armour    |       |       |       |    30 ||    30
Dodge: Dodged            |    93 |    76 |   216 |   199 ||   584

Table legend: (Time is in decaauts)
 A = Elapsed time spent in this place.
 B = Non-inter-level travel time spent in this place.
 C = Inter-level travel time spent in this place.
 D = Time resting spent in this place.
 E = Time spent auto-exploring this place.
 F = Levels seen in this place.
 G = Mean time per level.
                   A        B        C        D        E       F      G
               +--------+--------+--------+--------+--------+-----+--------+
         Total |  10552 |  10242 |    310 |    268 |   7639 |  12 |  879.3 |
       Dungeon |  10311 |  10051 |    260 |    268 |   7450 |  11 |  937.4 |
        Temple |    240 |    191 |     49 |      0 |    189 |   1 |  240.0 |
               +--------+--------+--------+--------+--------+-----+--------+

Top non-repeatable levels by time:
     D:1: 1476 daAuts
     D:9: 1458 daAuts
    D:10: 1240 daAuts
     D:3: 1027 daAuts
     D:6: 1006 daAuts
     D:5: 901 daAuts
     D:2: 881 daAuts
     D:4: 728 daAuts
     D:7: 610 daAuts
     D:8: 564 daAuts
    D:11: 417 daAuts
  Temple: 240 daAuts
